Comets vs Admirals

Created - May 3, 2022 at 20:32

Goals
1 2 3 T
Comets 0 1 2 3
Admirals 2 3 3 8
Shots
1 2 3 T
Comets 5 10 14 29
Admirals 15 15 15 45

1st period

1. Admirals , Brett Connolly 4 (Mattias Backman 22, Hunter Shinkaruk 11) at 0:56
2. Admirals , Nicolas Kerdiles 49 (Markus Granlund 45) at 16:58

Penalties :
No Penalty

2nd period

3. Comets , Teemu Pulkkinen 20 (Joshua Leivo 24, Nicolas Petan 15) at 4:23
4. Admirals , Blake Geoffrion 25 (Kasper Bjorkqvist 15, Josh Morrissey 24) at 13:21 (PP)
5. Admirals , Markus Granlund 25 (Nicolas Kerdiles 49) at 17:11
6. Admirals , Lucas Wallmark 8 (Nicolas Deslauriers 13, Kasper Bjorkqvist 16) at 19:00

Penalties :
Phil Di Giuseppe (Uti) for Delaying the game (Minor) at 1:47, Mattias Backman (Mil) for Holding (Minor) at 10:25, Jordan Gross (Uti) for Holding (Minor) at 13:10

3rd period

7. Comets , Andrej Nestrasil 20 (Dennis Everberg 35, Taylor Beck 45) at 0:50
8. Admirals , Blake Geoffrion 26 (Josh Morrissey 25, T.J Brodie 20) at 5:30
9. Admirals , Markus Granlund 26 (Nicolas Kerdiles 50, Mattias Backman 23) at 5:44
10. Admirals , Nicolas Kerdiles 50 (Joel Armia 27, Travis Dermott 25) at 6:40
11. Comets , Andrej Nestrasil 21 (Taylor Beck 46, Dennis Everberg 36) at 11:33

Penalties :
William Lagesson (Uti) for Holding (Minor) at 13:03

Goalie Stats

Marek Langhamer (Uti), 10 saves from 11 shots - (0.909), 14:16 minutes
Thatcher Demko (Uti), 27 saves from 34 shots - (0.794), L, 6-9-0, 45:44 minutes
Tristan Jarry (Mil), 26 saves from 29 shots - (0.897), W, 15-17-4, 60:00 minutes

Players Stats for Comets

Player Name              G  A  P  +/- PIM S  H  SB GA TA FO     MP     PP MP  PK MP  
------------------------------------------------------------------------------------
Andrej Nestrasil         2  0  2  -2  0   4  1  0  2  0  13/31  19:45   1:04   0:57 
Anton Karlsson           0  0  0   0  0   0  0  0  0  0  0/0     1:12   0:00   0:43 
Anton Zlobin             0  0  0  -2  0   2  1  0  0  0  0/0     9:11   0:00   0:00 
Axel Holmstrom           0  0  0   0  0   0  1  0  0  1  0/1    12:20   0:00   0:00 
Dan Renouf               0  0  0  -3  0   0  1  1  0  1  0/0    20:33   0:51   1:36 
Dennis Everberg          0  2  2  -2  0   5  4  0  0  0  2/3    21:11   1:04   2:23 
Jordan Gross             0  0  0   1  2   0  2  1  0  0  0/0    13:29   0:00   0:00 
Joshua Leivo             0  1  1   0  0   1  2  0  0  0  0/0    15:03   0:55   0:00 
Juho Lammikko            0  0  0   0  0   2  3  0  0  0  0/0    12:20   0:00   0:00 
Juuso Riikola            0  0  0  -2  0   2  1  1  0  0  0/0    25:57   1:08   2:33 
Kurtis Macdermid         0  0  0   0  0   0  0  0  0  0  0/0     0:00   0:00   0:00 
Mackenzie MacEachern     0  0  0  -2  0   1  0  1  0  0  0/0     9:11   0:00   0:00 
Nicolas Petan            0  1  1   0  0   0  0  0  1  0  6/7    15:03   0:55   0:00 
Oliver Kylington         0  0  0  -2  0   0  2  2  1  2  0/0    25:57   1:08   2:33 
Phil Di Giuseppe         0  0  0   0  2   0  3  1  0  0  0/0    12:48   0:00   0:00 
Rasmus Asplund           0  0  0   0  0   0  0  0  0  0  0/0     0:00   0:00   0:00 
Sami Niku                0  0  0  -3  0   2  1  2  0  1  0/0    20:33   0:51   1:36 
Taylor Beck              0  2  2  -2  0   5  0  3  1  0  1/4    21:09   1:04   2:22 
Taylor Leier             0  0  0   0  0   0  0  0  0  0  0/0     0:00   0:00   0:00 
Teemu Pulkkinen          1  0  1   0  0   2  3  0  0  1  0/0    15:57   0:55   0:54 
Thomas DiPauli           0  0  0   0  0   0  0  0  0  0  0/0     0:00   0:00   0:00 
Tyler Graovac            0  0  0  -2  0   2  0  1  0  0  2/5     9:11   0:00   0:00 
William Lagesson         0  0  0   1  2   1  0  0  0  0  0/0    13:30   0:00   0:00 
William Lockwood         0  0  0   0  0   0  0  0  0  0  0/0     1:28   0:00   0:59 

Players Stats for Admirals

Player Name              G  A  P  +/- PIM S  H  SB GA TA FO     MP     PP MP  PK MP  
------------------------------------------------------------------------------------
Andreas Englund          0  0  0   0  0   2  1  2  0  0  0/0    18:03   1:52   0:39 
Blake Geoffrion          2  0  2   0  0   4  0  0  0  0  1/1    13:54   1:59   0:36 
Brett Connolly           1  0  1   0  0   3  2  0  0  1  0/0     8:11   0:00   0:00 
Carl Dahlstrom           0  0  0   1  0   3  1  1  0  1  0/0    12:08   0:00   0:36 
Christian Djoos          0  0  0   0  0   0  0  1  0  0  0/0     5:40   0:00   0:00 
Filip Chlapik            0  0  0   0  0   1  1  0  0  0  0/0     8:14   0:00   0:03 
Freddie Hamilton         0  0  0   0  0   0  0  1  0  0  1/2    11:17   0:00   0:00 
Hunter Shinkaruk         0  1  1   0  0   1  2  0  0  0  0/0     8:44   0:00   0:33 
Joel Armia               0  1  1   3  0   5  1  0  1  0  0/0    20:52   2:10   0:00 
Josh Morrissey           0  2  2   3  0   2  2  3  0  0  0/0    24:25   2:17   1:00 
Kasper Bjorkqvist        0  2  2   1  0   2  2  0  0  0  0/0    17:08   1:59   0:00 
Lucas Wallmark           1  0  1   1  0   1  0  0  1  1  6/12   17:31   1:59   0:23 
Markus Granlund          2  1  3   3  0   5  1  2  1  0  18/33  22:25   2:10   1:00 
Mattias Backman          0  2  2   1  2   1  3  1  0  0  0/0    12:04   0:00   0:00 
Nicolas Deslauriers      0  1  1   1  0   6  2  1  1  1  0/1    15:30   0:00   0:23 
Nicolas Kerdiles         2  2  4   3  0   6  3  0  2  0  1/1    22:25   2:10   1:00 
Olli Juolevi             0  0  0   0  0   0  0  0  0  1  0/0     5:40   0:00   0:00 
Riley Barber             0  0  0   0  0   1  1  0  0  0  0/1    11:17   0:00   0:00 
T.J Brodie               0  1  1   3  0   1  0  3  0  0  0/0    24:29   2:17   1:04 
Travis Dermott           0  1  1   0  0   1  0  2  0  0  0/0    18:03   1:52   0:39 

3 Stars

1 - Nicolas Kerdiles (Mil)
2 - Markus Granlund (Mil)
3 - Josh Morrissey (Mil)

Power Play

Comets - 0 on 1 Attempt(s) - 0.00%
Admirals - 1 on 3 Attempt(s) - 33.33%

Penalty Kill

Comets - 2 on 3 Attempt(s) - 66.67% - Score 0 goal in Penalty Kill
Admirals - 1 on 1 Attempt(s) - 100.00% - Score 0 goal in Penalty Kill

Team Stat

Comets - Hits : 25 - Faceoff Wins : 24 - Blocked Shots : 13 - Penalty Minutes : 6
Admirals - Hits : 22 - Faceoff Wins : 27 - Blocked Shots : 17 - Penalty Minutes : 2

Official

Referees : Brad Meier and Jacob Brenk
Linesman : Jonny Murray and Michel Cormier

Game Notes

4:23 of 2nd period - Comets goal is going for a video replay. After video review, Goal.
Marek Langhamer enters game at 5:44 of 3rd period

Finance

Level 1 -- Attendance: 1980 (99.00%) -- Ticket Income $69,300
Level 2 -- Attendance: 948 (94.80%) -- Ticket Income $14,220
Total Attendance: 2928 (97.60%)
Total Ticket Income: $83,520
Other Income: $4,176
Total Income: $87,696

Comets

5 vs 5 Forward 
   Center                   Left Wing                Right Wing               Time % Phy DF OF 
 1 Andrej Nestrasil         Taylor Beck              Dennis Everberg          40     1   2  2  
 2 Nicolas Petan            Teemu Pulkkinen          Joshua Leivo             30     1   2  2  
 3 Axel Holmstrom           Phil Di Giuseppe         Juho Lammikko            20     1   2  2  
 4 Tyler Graovac            Mackenzie MacEachern     Anton Zlobin             10     1   2  2  

5 vs 5 Defense 
   Defense                  Defense                                           Time % Phy DF OF 
 1 Juuso Riikola            Oliver Kylington                                  40     1   2  2  
 2 Dan Renouf               Sami Niku                                         30     1   2  2  
 3 William Lagesson         Jordan Gross                                      20     1   2  2  
 4 Juuso Riikola            Oliver Kylington                                  10     1   2  2  

PowerPlay Forward 
   Center                   Left Wing                Right Wing               Time % Phy DF OF 
 1 Andrej Nestrasil         Taylor Beck              Dennis Everberg          60     1   2  2  
 2 Nicolas Petan            Teemu Pulkkinen          Joshua Leivo             40     1   2  2  

PowerPlay Defense
   Defense                  Defense                                           Time % Phy DF OF 
 1 Juuso Riikola            Oliver Kylington                                  60     1   2  2  
 2 Dan Renouf               Sami Niku                                         40     1   2  2  

Penalty Kill 4 Players Forward 
   Center                   Wing                     Time % Phy DF OF 
 1 Taylor Beck              Dennis Everberg          60     1   2  2  
 2 Teemu Pulkkinen          Andrej Nestrasil         40     1   2  2  

Penalty Kill 4 Players Defense
   Defense                  Defense                  Time % Phy DF OF 
 1 Juuso Riikola            Oliver Kylington         60     1   2  2  
 2 Dan Renouf               Sami Niku                40     1   2  2  

Penalty Kill - 3 Players Forward 
   Forward                                           Time % Phy DF OF 
 1 Taylor Beck                                       60     1   2  2  
 2 Dennis Everberg                                   40     1   2  2  

Penalty Kill - 3 Players Defense
   Defense                  Defense                  Time % Phy DF OF 
 1 Juuso Riikola            Oliver Kylington         60     1   2  2  
 2 Dan Renouf               Sami Niku                40     1   2  2  

4 vs 4 Forward 
   Center                   Wing                     Time % Phy DF OF 
 1 Taylor Beck              Dennis Everberg          60     1   2  2  
 2 Teemu Pulkkinen          Andrej Nestrasil         40     1   2  2  

4 vs 4 Defense
   Defense                  Defense                  Time % Phy DF OF 
 1 Juuso Riikola            Oliver Kylington         60     1   2  2  
 2 Dan Renouf               Sami Niku                40     1   2  2  

Last Minutes Offensive
   Center                   Left Wing                Right Wing               Defense                  Defense                  
   Andrej Nestrasil         Taylor Beck              Dennis Everberg          Juuso Riikola            Oliver Kylington         

Last Minutes Defensive
   Center                   Left Wing                Right Wing               Defense                  Defense                  
   Andrej Nestrasil         Taylor Beck              Dennis Everberg          Juuso Riikola            Oliver Kylington         

Goaltenders
Starting : Thatcher Demko           
Backup : Marek Langhamer          

Extra Forwards
Normal : Kurtis Macdermid, Anton Karlsson, William Lockwood - PP : Kurtis Macdermid, Anton Karlsson - PK : William Lockwood
Extra Defensemen
Normal : William Lagesson, Jordan Gross, Dan Renouf - PP : William Lagesson - PK : Jordan Gross, Dan Renouf
Penalty Shots
Taylor Beck, Dennis Everberg, Teemu Pulkkinen, Andrej Nestrasil, Joshua Leivo

Scratches
Jeremy Roy (Healthy), Nathan Gerbe (Healthy), Patrick Wey (Healthy), Oskar Steen (Healthy), Dmitry Sokolov (Healthy)
Alexandar Georgiev (Healthy)

Admirals

5 vs 5 Forward 
   Center                   Left Wing                Right Wing               Time % Phy DF OF 
 1 Markus Granlund          Nicolas Kerdiles         Joel Armia               40     1   2  2  
 2 Lucas Wallmark           Nicolas Deslauriers      Kasper Bjorkqvist        30     1   2  2  
 3 Freddie Hamilton         Blake Geoffrion          Riley Barber             20     1   2  2  
 4 Filip Chlapik            Hunter Shinkaruk         Brett Connolly           10     1   2  2  

5 vs 5 Defense 
   Defense                  Defense                                           Time % Phy DF OF 
 1 Josh Morrissey           T.J Brodie                                        40     1   2  2  
 2 Andreas Englund          Travis Dermott                                    30     1   2  2  
 3 Carl Dahlstrom           Mattias Backman                                   20     1   2  2  
 4 Christian Djoos          Olli Juolevi                                      10     1   2  2  

PowerPlay Forward 
   Center                   Left Wing                Right Wing               Time % Phy DF OF 
 1 Markus Granlund          Nicolas Kerdiles         Joel Armia               60     1   2  2  
 2 Lucas Wallmark           Blake Geoffrion          Kasper Bjorkqvist        40     1   2  2  

PowerPlay Defense
   Defense                  Defense                                           Time % Phy DF OF 
 1 Josh Morrissey           T.J Brodie                                        60     1   2  2  
 2 Andreas Englund          Travis Dermott                                    40     1   2  2  

Penalty Kill 4 Players Forward 
   Center                   Wing                     Time % Phy DF OF 
 1 Markus Granlund          Nicolas Kerdiles         60     1   2  2  
 2 Lucas Wallmark           Nicolas Deslauriers      40     1   2  2  

Penalty Kill 4 Players Defense
   Defense                  Defense                  Time % Phy DF OF 
 1 Josh Morrissey           Mattias Backman          60     1   2  2  
 2 Andreas Englund          Travis Dermott           40     1   2  2  

Penalty Kill - 3 Players Forward 
   Forward                                           Time % Phy DF OF 
 1 Nicolas Deslauriers                               60     1   2  2  
 2 Nicolas Kerdiles                                  40     1   2  2  

Penalty Kill - 3 Players Defense
   Defense                  Defense                  Time % Phy DF OF 
 1 Josh Morrissey           Mattias Backman          60     1   2  2  
 2 Andreas Englund          Travis Dermott           40     1   2  2  

4 vs 4 Forward 
   Center                   Wing                     Time % Phy DF OF 
 1 Lucas Wallmark           Nicolas Kerdiles         60     1   2  2  
 2 Markus Granlund          Blake Geoffrion          40     1   2  2  

4 vs 4 Defense
   Defense                  Defense                  Time % Phy DF OF 
 1 Josh Morrissey           T.J Brodie               60     1   2  2  
 2 Andreas Englund          Travis Dermott           40     1   2  2  

Last Minutes Offensive
   Center                   Left Wing                Right Wing               Defense                  Defense                  
   Markus Granlund          Nicolas Kerdiles         Joel Armia               Josh Morrissey           T.J Brodie               

Last Minutes Defensive
   Center                   Left Wing                Right Wing               Defense                  Defense                  
   Markus Granlund          Nicolas Kerdiles         Joel Armia               Josh Morrissey           T.J Brodie               

Goaltenders
Starting : Tristan Jarry            
Backup : Felix Sanstrom           

Extra Forwards
Normal : Blake Geoffrion, Nicolas Deslauriers, Brett Connolly - PP : Blake Geoffrion, Nicolas Deslauriers - PK : Blake Geoffrion
Extra Defensemen
Normal : T.J Brodie, Carl Dahlstrom, Olli Juolevi - PP : T.J Brodie - PK : T.J Brodie, Carl Dahlstrom
Penalty Shots
Blake Geoffrion, Nicolas Kerdiles, Markus Granlund, Joel Armia, Kasper Bjorkqvist

Scratches
Adam Almquist (Healthy), Alexandre Mallet (Healthy), Anton Gustafsson (Broken Left Index Finger Injury), Chris Lawrence (Healthy), Josh Wesley (Healthy)
Mark MacMillan (Healthy), Mark McNeill (Broken Left Thumb Injury), Ryan Olsen (Healthy), Sergei Zborovskiy (Healthy), Stanislav Galiev (Healthy)
Trevor Van Riemsdyk (Strained Right Knee Injury), Troy Bourke (Healthy), Carsen Twarynski (Healthy), Libor Hajek (Healthy), Linus Ullmark (Healthy)

% Time on Ice - Comets

Lines # - Real PCT - Wanted PCT - Time Play
Normal Forward
1 - 34% - 40% - 18:13
2 - 26% - 30% - 14:08
3 - 23% - 20% - 12:20
4 - 17% - 10% - 9:11
Normal Defense
1 - 36% - 40% - 19:30
2 - 34% - 30% - 18:06
3 - 25% - 20% - 13:30
4 - 5% - 10% - 2:46
PP Forward
1 - 54% - 60% - 1:04
2 - 46% - 40% - 0:55
PP Defense
1 - 57% - 60% - 1:08
2 - 43% - 40% - 0:51
PK Forward
1 - 78% - 60% - 3:15
2 - 22% - 40% - 0:54
PK Defense
1 - 61% - 60% - 2:33
2 - 39% - 40% - 1:36
PK3 Forward
1 - 0% - 60%
2 - 0% - 40%
PK3 Defense
1 - 0% - 60%
2 - 0% - 40%
44 Forward
1 - 0% - 60%
2 - 0% - 40%
44 Defense
1 - 0% - 60%
2 - 0% - 40%
Last Minute Offensive  - 0:00
Last Minute Defensive  - 0:00
Total
Forward - 60:00
Defense - 60:00

% Time on Ice - Admirals

Lines # - Real PCT - Wanted PCT - Time Play
Normal Forward
1 - 36% - 40% - 19:15
2 - 28% - 30% - 15:09
3 - 21% - 20% - 11:17
4 - 15% - 10% - 8:11
Normal Defense
1 - 39% - 40% - 21:08
2 - 29% - 30% - 15:32
3 - 21% - 20% - 11:32
4 - 11% - 10% - 5:40
PP Forward
1 - 52% - 60% - 2:10
2 - 48% - 40% - 1:59
PP Defense
1 - 55% - 60% - 2:17
2 - 45% - 40% - 1:52
PK Forward
1 - 81% - 60% - 1:36
2 - 19% - 40% - 0:23
PK Defense
1 - 67% - 60% - 1:20
2 - 33% - 40% - 0:39
PK3 Forward
1 - 0% - 60%
2 - 0% - 40%
PK3 Defense
1 - 0% - 60%
2 - 0% - 40%
44 Forward
1 - 0% - 60%
2 - 0% - 40%
44 Defense
1 - 0% - 60%
2 - 0% - 40%
Last Minute Offensive  - 0:00
Last Minute Defensive  - 0:00
Total
Forward - 60:00
Defense - 60:00

Play-by-Play

1st period


0:01 of 1st period - Markus Granlund wins face-off versus Andrej Nestrasil in neutral zone.
0:08 of 1st period - Slapshot by Nicolas Kerdiles.
0:08 of 1st period - Stopped by Thatcher Demko with a rebound.
0:10 of 1st period - Wrist shot by Nicolas Kerdiles.
0:10 of 1st period - Shot Blocked by Juuso Riikola.
0:12 of 1st period - Slapshot by T.J Brodie.
0:12 of 1st period - Deflect By Markus Granlund.
0:12 of 1st period - Stopped by Thatcher Demko with a rebound.
0:14 of 1st period - Slapshot by T.J Brodie.
0:14 of 1st period - Shot Misses the Net.
0:16 of 1st period - Slapshot by Josh Morrissey.
0:16 of 1st period - Deflect By Markus Granlund.
0:16 of 1st period - Shot Misses the Net.
0:16 of 1st period - Puck is out of play.
0:17 of 1st period - Nicolas Petan wins face-off versus Lucas Wallmark in Comets zone.
0:50 of 1st period - Snap shot by Hunter Shinkaruk.
0:50 of 1st period - Shot Misses the Net.
0:52 of 1st period - Slapshot by Brett Connolly.
0:52 of 1st period - Shot Blocked by Dan Renouf.
0:54 of 1st period - Backhand shot by Mattias Backman.
0:54 of 1st period - Stopped by Thatcher Demko with a rebound.
0:56 of 1st period - Snap shot by Brett Connolly.
0:56 of 1st period - Goal by Brett Connolly - Comets : 0 - Admirals : 1.
0:57 of 1st period - Blake Geoffrion wins face-off versus Axel Holmstrom in neutral zone.
1:10 of 1st period - Jordan Gross is hit by Riley Barber and loses puck.
1:48 of 1st period - Nicolas Kerdiles is hit by Dennis Everberg and loses puck.
2:30 of 1st period - Riley Barber is hit by Joshua Leivo and loses puck.
2:51 of 1st period - Oliver Kylington is hit by Markus Granlund and loses puck.
3:57 of 1st period - Off-side.
3:58 of 1st period - Markus Granlund wins face-off versus Andrej Nestrasil in neutral zone.
4:05 of 1st period - Wrist shot by Markus Granlund.
4:05 of 1st period - Shot Blocked by Jordan Gross.
4:07 of 1st period - Slapshot by Josh Morrissey.
4:07 of 1st period - Stopped by Thatcher Demko with a rebound.
4:09 of 1st period - Snap shot by Joel Armia.
4:09 of 1st period - Stopped by Thatcher Demko with a rebound.
4:25 of 1st period - Teemu Pulkkinen is hit by Kasper Bjorkqvist and loses puck.
5:14 of 1st period - Slapshot by Brett Connolly.
5:14 of 1st period - Shot Misses the Net.
5:47 of 1st period - Lucas Wallmark is hit by Dennis Everberg and loses puck.
6:50 of 1st period - Josh Morrissey is hit by Dennis Everberg and loses puck.
7:03 of 1st period - Wrist shot by Brett Connolly.
7:03 of 1st period - Stopped by Thatcher Demko with a rebound.
7:47 of 1st period - Joshua Leivo is hit by Filip Chlapik and loses puck.
8:02 of 1st period - Christian Djoos is hit by Phil Di Giuseppe and loses puck.
8:21 of 1st period - Wrist shot by Dennis Everberg.
8:21 of 1st period - Shot Misses the Net.
8:27 of 1st period - Snap shot by Taylor Beck.
8:27 of 1st period - Deflect By Dennis Everberg.
8:27 of 1st period - Stopped by Tristan Jarry without a rebound.
8:28 of 1st period - Lucas Wallmark wins face-off versus Andrej Nestrasil in Admirals zone.
8:35 of 1st period - Snap shot by Nicolas Deslauriers.
8:35 of 1st period - Stopped by Thatcher Demko with a rebound.
8:53 of 1st period - Teemu Pulkkinen is hit by Nicolas Kerdiles and loses puck.
9:16 of 1st period - Off-side.
9:17 of 1st period - Freddie Hamilton wins face-off versus Tyler Graovac in neutral zone.
9:50 of 1st period - Dan Renouf is hit by Joel Armia.
11:52 of 1st period - Wrist shot by Hunter Shinkaruk.
11:52 of 1st period - Shot Misses the Net.
11:54 of 1st period - Snap shot by Hunter Shinkaruk.
11:54 of 1st period - Deflect By Brett Connolly.
11:54 of 1st period - Stopped by Thatcher Demko with a rebound.
12:02 of 1st period - Wrist shot by Phil Di Giuseppe.
12:02 of 1st period - Shot Blocked by Mattias Backman.
13:08 of 1st period - Icing by Andrej Nestrasil.
13:09 of 1st period - Markus Granlund wins face-off versus Andrej Nestrasil in Comets zone.
14:29 of 1st period - Wrist shot by Blake Geoffrion.
14:29 of 1st period - Stopped by Thatcher Demko without a rebound.
14:30 of 1st period - Nicolas Petan wins face-off versus Markus Granlund in Comets zone.
14:37 of 1st period - Snap shot by Teemu Pulkkinen.
14:37 of 1st period - Stopped by Tristan Jarry with a rebound.
14:39 of 1st period - Wrist shot by Teemu Pulkkinen.
14:39 of 1st period - Shot Blocked by Josh Morrissey.
14:41 of 1st period - Snap shot by Teemu Pulkkinen.
14:41 of 1st period - Deflect By Nicolas Petan.
14:41 of 1st period - Shot Misses the Net.
14:41 of 1st period - Puck is out of play.
14:42 of 1st period - Markus Granlund wins face-off versus Andrej Nestrasil in Admirals zone.
15:33 of 1st period - Snap shot by Juho Lammikko.
15:33 of 1st period - Shot Blocked by Freddie Hamilton.
15:41 of 1st period - Wrist shot by Blake Geoffrion.
15:41 of 1st period - Stopped by Thatcher Demko with a rebound.
16:10 of 1st period - Wrist shot by Phil Di Giuseppe.
16:10 of 1st period - Shot Blocked by Christian Djoos.
16:16 of 1st period - Axel Holmstrom is hit by Brett Connolly.
16:36 of 1st period - Slapshot by Dennis Everberg.
16:36 of 1st period - Shot Misses the Net.
16:38 of 1st period - Snap shot by Andrej Nestrasil.
16:38 of 1st period - Shot Blocked by Josh Morrissey.
16:40 of 1st period - Slapshot by Taylor Beck.
16:40 of 1st period - Stopped by Tristan Jarry without a rebound.
16:41 of 1st period - Markus Granlund wins face-off versus Andrej Nestrasil in Admirals zone.
16:54 of 1st period - Snap shot by Markus Granlund.
16:54 of 1st period - Deflect By Nicolas Kerdiles.
16:54 of 1st period - Shot Blocked by Taylor Beck.
16:54 of 1st period - Puck is out of play.
16:55 of 1st period - Markus Granlund wins face-off versus Andrej Nestrasil in Comets zone.
16:58 of 1st period - Wrist shot by Nicolas Kerdiles.
16:58 of 1st period - Goal by Nicolas Kerdiles - Comets : 0 - Admirals : 2.
16:59 of 1st period - Markus Granlund wins face-off versus Andrej Nestrasil in neutral zone.
17:14 of 1st period - Snap shot by Nicolas Kerdiles.
17:14 of 1st period - Stopped by Thatcher Demko with a rebound.
17:16 of 1st period - Backhand shot by Joel Armia.
17:16 of 1st period - Stopped by Thatcher Demko with a rebound.
17:50 of 1st period - Travis Dermott is hit by Jordan Gross and loses puck.
17:55 of 1st period - Snap shot by Juho Lammikko.
17:55 of 1st period - Stopped by Tristan Jarry with a rebound.
18:32 of 1st period - Snap shot by Dennis Everberg.
18:32 of 1st period - Shot Blocked by Carl Dahlstrom.
18:34 of 1st period - Snap shot by Taylor Beck.
18:34 of 1st period - Shot Blocked by Markus Granlund.
18:36 of 1st period - Snap shot by Taylor Beck.
18:36 of 1st period - Shot Misses the Net.
18:38 of 1st period - Slapshot by Andrej Nestrasil.
18:38 of 1st period - Stopped by Tristan Jarry with a rebound.
18:58 of 1st period - Wrist shot by Nicolas Deslauriers.
18:58 of 1st period - Stopped by Thatcher Demko without a rebound.
18:59 of 1st period - Andrej Nestrasil wins face-off versus Lucas Wallmark in Comets zone.
19:26 of 1st period - T.J Brodie is hit by Teemu Pulkkinen and loses puck.
Goals for this period are 0 for Comets vs 2 for Admirals.
Shots for this period are 5 for Comets vs 15 for Admirals.

2nd period


0:01 of 2nd period - Andrej Nestrasil wins face-off versus Markus Granlund in neutral zone.
0:04 of 2nd period - Wrist shot by Taylor Beck.
0:04 of 2nd period - Shot Misses the Net.
0:06 of 2nd period - Snap shot by Taylor Beck.
0:06 of 2nd period - Stopped by Tristan Jarry with a rebound.
0:08 of 2nd period - Wrist shot by Dennis Everberg.
0:08 of 2nd period - Stopped by Tristan Jarry with a rebound.
0:10 of 2nd period - Snap shot by Taylor Beck.
0:10 of 2nd period - Stopped by Tristan Jarry with a rebound.
0:12 of 2nd period - Slapshot by Juuso Riikola.
0:12 of 2nd period - Shot Blocked by T.J Brodie.
0:14 of 2nd period - Snap shot by Taylor Beck.
0:14 of 2nd period - Shot Misses the Net.
0:26 of 2nd period - Josh Morrissey is hit by Axel Holmstrom and loses puck.
0:47 of 2nd period - Slapshot by Joel Armia.
0:47 of 2nd period - Stopped by Thatcher Demko without a rebound.
0:48 of 2nd period - Andrej Nestrasil wins face-off versus Nicolas Deslauriers in Comets zone.
0:48 of 2nd period - Andrej Nestrasil is hit by Nicolas Deslauriers.
0:58 of 2nd period - Slapshot by Kasper Bjorkqvist.
0:58 of 2nd period - Stopped by Thatcher Demko with a rebound.
1:04 of 2nd period - Snap shot by Kasper Bjorkqvist.
1:04 of 2nd period - Shot Blocked by Taylor Beck.
1:14 of 2nd period - Blake Geoffrion is hit by Teemu Pulkkinen and loses puck.
1:39 of 2nd period - Axel Holmstrom is hit by Hunter Shinkaruk and loses puck.
1:47 of 2nd period - Minor Penalty to Phil Di Giuseppe for Delaying the game.
1:48 of 2nd period - Nicolas Kerdiles wins face-off versus Dennis Everberg in Comets zone.
3:47 of 2nd period - Penalty to Phil Di Giuseppe is over, Phil Di Giuseppe is back on ice.
4:15 of 2nd period - Slapshot by Sami Niku.
4:15 of 2nd period - Stopped by Tristan Jarry without a rebound.
4:16 of 2nd period - Nicolas Petan wins face-off versus Freddie Hamilton in Admirals zone.
4:21 of 2nd period - Snap shot by Teemu Pulkkinen.
4:21 of 2nd period - Deflect By Joshua Leivo.
4:21 of 2nd period - Stopped by Tristan Jarry with a rebound.
4:23 of 2nd period - Snap shot by Teemu Pulkkinen.
4:23 of 2nd period - Comets goal is going for a video replay.
4:23 of 2nd period - The goal is good.
4:23 of 2nd period - Goal by Teemu Pulkkinen - Comets : 1 - Admirals : 2.
4:24 of 2nd period - Markus Granlund wins face-off versus Taylor Beck in neutral zone.
4:31 of 2nd period - Snap shot by Nicolas Kerdiles.
4:31 of 2nd period - Shot Blocked by Oliver Kylington.
4:49 of 2nd period - Nicolas Petan is hit by Josh Morrissey and loses puck.
5:14 of 2nd period - Slapshot by Freddie Hamilton.
5:14 of 2nd period - Shot Misses the Net.
5:22 of 2nd period - Slapshot by Riley Barber.
5:22 of 2nd period - Stopped by Thatcher Demko without a rebound.
5:23 of 2nd period - Andrej Nestrasil wins face-off versus Markus Granlund in Comets zone.
5:23 of 2nd period - Andrej Nestrasil is hit by Mattias Backman.
6:36 of 2nd period - Backhand shot by Hunter Shinkaruk.
6:36 of 2nd period - Shot Misses the Net.
6:38 of 2nd period - Wrist shot by Filip Chlapik.
6:38 of 2nd period - Stopped by Thatcher Demko with a rebound.
7:47 of 2nd period - Filip Chlapik is hit by Juho Lammikko and loses puck.
8:31 of 2nd period - Wrist shot by Nicolas Deslauriers.
8:31 of 2nd period - Stopped by Thatcher Demko with a rebound.
10:16 of 2nd period - Off-side.
10:17 of 2nd period - Tyler Graovac wins face-off versus Riley Barber in neutral zone.
10:25 of 2nd period - Minor Penalty to Mattias Backman for Holding.
10:26 of 2nd period - Markus Granlund wins face-off versus Andrej Nestrasil in Admirals zone.
10:40 of 2nd period - Snap shot by Taylor Beck.
10:40 of 2nd period - Shot Blocked by T.J Brodie.
10:42 of 2nd period - Slapshot by Juuso Riikola.
10:42 of 2nd period - Shot Misses the Net.
11:31 of 2nd period - Josh Morrissey is hit by Sami Niku and loses puck.
12:25 of 2nd period - Penalty to Mattias Backman is over, Mattias Backman is back on ice.
12:49 of 2nd period - Wrist shot by Mackenzie MacEachern.
12:49 of 2nd period - Stopped by Tristan Jarry with a rebound.
12:51 of 2nd period - Slapshot by William Lagesson.
12:51 of 2nd period - Shot Blocked by Andreas Englund.
13:10 of 2nd period - Minor Penalty to Jordan Gross for Holding.
13:11 of 2nd period - Lucas Wallmark wins face-off versus Taylor Beck in Comets zone.
13:15 of 2nd period - Slapshot by Josh Morrissey.
13:15 of 2nd period - Stopped by Thatcher Demko with a rebound.
13:17 of 2nd period - Slapshot by Josh Morrissey.
13:17 of 2nd period - Shot Misses the Net.
13:21 of 2nd period - Slapshot by Blake Geoffrion.
13:21 of 2nd period - Goal by Blake Geoffrion - Comets : 1 - Admirals : 3.
13:22 of 2nd period - Andrej Nestrasil wins face-off versus Lucas Wallmark in neutral zone.
13:57 of 2nd period - Off-side.
13:58 of 2nd period - Andrej Nestrasil wins face-off versus Lucas Wallmark in neutral zone.
14:23 of 2nd period - Mattias Backman is hit by Phil Di Giuseppe and loses puck.
14:32 of 2nd period - Backhand shot by Kasper Bjorkqvist.
14:32 of 2nd period - Shot Misses the Net.
14:34 of 2nd period - Wrist shot by Kasper Bjorkqvist.
14:34 of 2nd period - Deflect By Nicolas Deslauriers.
14:34 of 2nd period - Stopped by Thatcher Demko with a rebound.
14:36 of 2nd period - Slapshot by Andreas Englund.
14:36 of 2nd period - Stopped by Thatcher Demko without a rebound.
14:37 of 2nd period - Markus Granlund wins face-off versus Andrej Nestrasil in Comets zone.
15:04 of 2nd period - Riley Barber is hit by Oliver Kylington and loses puck.
15:51 of 2nd period - Backhand shot by Dennis Everberg.
15:51 of 2nd period - Shot Misses the Net.
15:53 of 2nd period - Snap shot by Dennis Everberg.
15:53 of 2nd period - Shot Misses the Net.
15:55 of 2nd period - Snap shot by Andrej Nestrasil.
15:55 of 2nd period - Stopped by Tristan Jarry without a rebound.
15:56 of 2nd period - Nicolas Petan wins face-off versus Markus Granlund in Admirals zone.
16:21 of 2nd period - Nicolas Kerdiles is hit by Juho Lammikko and loses puck.
16:56 of 2nd period - Juuso Riikola is hit by Nicolas Kerdiles and loses puck.
17:09 of 2nd period - Snap shot by Markus Granlund.
17:09 of 2nd period - Stopped by Thatcher Demko with a rebound.
17:11 of 2nd period - Snap shot by Markus Granlund.
17:11 of 2nd period - Goal by Markus Granlund - Comets : 1 - Admirals : 4.
17:12 of 2nd period - Lucas Wallmark wins face-off versus Andrej Nestrasil in neutral zone.
17:25 of 2nd period - Slapshot by Kasper Bjorkqvist.
17:25 of 2nd period - Shot Blocked by Sami Niku.
17:27 of 2nd period - Slapshot by Carl Dahlstrom.
17:27 of 2nd period - Deflect By Taylor Beck.
17:27 of 2nd period - Stopped by Thatcher Demko with a rebound.
17:37 of 2nd period - Sami Niku is hit by Carl Dahlstrom and loses puck.
17:56 of 2nd period - Juho Lammikko is hit by Brett Connolly and loses puck.
18:15 of 2nd period - Snap shot by Kasper Bjorkqvist.
18:15 of 2nd period - Stopped by Thatcher Demko without a rebound.
18:16 of 2nd period - Lucas Wallmark wins face-off versus Tyler Graovac in Comets zone.
18:17 of 2nd period - Wrist shot by Nicolas Deslauriers.
18:17 of 2nd period - Stopped by Thatcher Demko without a rebound.
18:18 of 2nd period - Tyler Graovac wins face-off versus Lucas Wallmark in Comets zone.
18:23 of 2nd period - T.J Brodie is hit by Anton Zlobin and loses puck.
18:58 of 2nd period - Snap shot by Nicolas Deslauriers.
18:58 of 2nd period - Shot Blocked by Mackenzie MacEachern.
19:00 of 2nd period - Snap shot by Lucas Wallmark.
19:00 of 2nd period - Goal by Lucas Wallmark - Comets : 1 - Admirals : 5.
19:01 of 2nd period - Taylor Beck wins face-off versus Markus Granlund in neutral zone.
19:03 of 2nd period - Off-side.
19:04 of 2nd period - Andrej Nestrasil wins face-off versus Markus Granlund in neutral zone.
19:09 of 2nd period - Carl Dahlstrom is hit by Dan Renouf and loses puck.
19:36 of 2nd period - Taylor Beck is hit by Mattias Backman and loses puck.
19:47 of 2nd period - Wrist shot by Dennis Everberg.
19:47 of 2nd period - Stopped by Tristan Jarry with a rebound.
19:49 of 2nd period - Slapshot by Taylor Beck.
19:49 of 2nd period - Shot Misses the Net.
19:51 of 2nd period - Wrist shot by Taylor Beck.
19:51 of 2nd period - Stopped by Tristan Jarry with a rebound.
Goals for this period are 1 for Comets vs 3 for Admirals.
Shots for this period are 10 for Comets vs 15 for Admirals.

3rd period


0:01 of 3rd period - Andrej Nestrasil wins face-off versus Markus Granlund in neutral zone.
0:27 of 3rd period - Teemu Pulkkinen is hit by Nicolas Deslauriers and loses puck.
0:34 of 3rd period - Wrist shot by Nicolas Deslauriers.
0:34 of 3rd period - Shot Misses the Net.
0:36 of 3rd period - Snap shot by Kasper Bjorkqvist.
0:36 of 3rd period - Deflect By Nicolas Deslauriers.
0:36 of 3rd period - Shot Misses the Net.
0:36 of 3rd period - Puck is out of play.
0:37 of 3rd period - Markus Granlund wins face-off versus Andrej Nestrasil in Comets zone.
0:38 of 3rd period - Slapshot by Joel Armia.
0:38 of 3rd period - Stopped by Thatcher Demko with a rebound.
0:48 of 3rd period - Snap shot by Dennis Everberg.
0:48 of 3rd period - Stopped by Tristan Jarry with a rebound.
0:50 of 3rd period - Slapshot by Andrej Nestrasil.
0:50 of 3rd period - Goal by Andrej Nestrasil - Comets : 2 - Admirals : 5.
0:51 of 3rd period - Markus Granlund wins face-off versus Andrej Nestrasil in neutral zone.
1:04 of 3rd period - Josh Morrissey is hit by Andrej Nestrasil and loses puck.
1:41 of 3rd period - Tyler Graovac is hit by Andreas Englund and loses puck.
1:50 of 3rd period - Slapshot by William Lagesson.
1:50 of 3rd period - Shot Blocked by Travis Dermott.
2:22 of 3rd period - Nicolas Kerdiles is hit by Phil Di Giuseppe and loses puck.
2:30 of 3rd period - Icing by Nicolas Kerdiles.
2:31 of 3rd period - Nicolas Petan wins face-off versus Markus Granlund in Admirals zone.
2:32 of 3rd period - Snap shot by Joshua Leivo.
2:32 of 3rd period - Shot Blocked by Markus Granlund.
2:42 of 3rd period - Juuso Riikola is hit by Nicolas Kerdiles and loses puck.
2:57 of 3rd period - Nicolas Deslauriers is hit by Juuso Riikola and loses puck.
3:18 of 3rd period - Axel Holmstrom is hit by Hunter Shinkaruk and loses puck.
3:49 of 3rd period - Wrist shot by Phil Di Giuseppe.
3:49 of 3rd period - Shot Misses the Net.
4:07 of 3rd period - Christian Djoos is hit by Teemu Pulkkinen and loses puck.
5:30 of 3rd period - Slapshot by Blake Geoffrion.
5:30 of 3rd period - Goal by Blake Geoffrion - Comets : 2 - Admirals : 6.
5:31 of 3rd period - Andrej Nestrasil wins face-off versus Markus Granlund in neutral zone.
5:42 of 3rd period - Wrist shot by Nicolas Kerdiles.
5:42 of 3rd period - Stopped by Thatcher Demko with a rebound.
5:44 of 3rd period - Slapshot by Markus Granlund.
5:44 of 3rd period - Goal by Markus Granlund - Comets : 2 - Admirals : 7.
5:44 of 3rd period - Marek Langhamer enters game.
5:45 of 3rd period - Andrej Nestrasil wins face-off versus Markus Granlund in neutral zone.
5:50 of 3rd period - Nicolas Kerdiles is hit by Dennis Everberg and loses puck.
6:11 of 3rd period - Lucas Wallmark is hit by Joshua Leivo and loses puck.
6:18 of 3rd period - Wrist shot by Nicolas Petan.
6:18 of 3rd period - Shot Misses the Net.
6:20 of 3rd period - Snap shot by Sami Niku.
6:20 of 3rd period - Deflect By T.J Brodie.
6:20 of 3rd period - Stopped by Tristan Jarry with a rebound.
6:22 of 3rd period - Wrist shot by Teemu Pulkkinen.
6:22 of 3rd period - Deflect By Lucas Wallmark.
6:22 of 3rd period - Shot Blocked by Nicolas Deslauriers.
6:22 of 3rd period - Puck is out of play.
6:23 of 3rd period - Andrej Nestrasil wins face-off versus Markus Granlund in Admirals zone.
6:32 of 3rd period - Slapshot by Travis Dermott.
6:32 of 3rd period - Shot Misses the Net.
6:34 of 3rd period - Wrist shot by Joel Armia.
6:34 of 3rd period - Shot Blocked by Sami Niku.
6:36 of 3rd period - Snap shot by Joel Armia.
6:36 of 3rd period - Shot Blocked by Taylor Beck.
6:38 of 3rd period - Wrist shot by Joel Armia.
6:38 of 3rd period - Stopped by Marek Langhamer with a rebound.
6:40 of 3rd period - Snap shot by Nicolas Kerdiles.
6:40 of 3rd period - Goal by Nicolas Kerdiles - Comets : 2 - Admirals : 8.
6:41 of 3rd period - Markus Granlund wins face-off versus Andrej Nestrasil in neutral zone.
6:54 of 3rd period - Slapshot by Juuso Riikola.
6:54 of 3rd period - Stopped by Tristan Jarry without a rebound.
6:55 of 3rd period - Nicolas Petan wins face-off versus Markus Granlund in Admirals zone.
7:16 of 3rd period - Markus Granlund is hit by Oliver Kylington and loses puck.
7:29 of 3rd period - Wrist shot by Taylor Beck.
7:29 of 3rd period - Shot Blocked by T.J Brodie.
7:31 of 3rd period - Backhand shot by Juuso Riikola.
7:31 of 3rd period - Deflect By Josh Morrissey.
7:31 of 3rd period - Stopped by Tristan Jarry without a rebound.
7:32 of 3rd period - Dennis Everberg wins face-off versus Lucas Wallmark in Admirals zone.
7:33 of 3rd period - Wrist shot by Andrej Nestrasil.
7:33 of 3rd period - Shot Blocked by Travis Dermott.
8:43 of 3rd period - Phil Di Giuseppe is hit by Mattias Backman and loses puck.
8:48 of 3rd period - Wrist shot by Kasper Bjorkqvist.
8:48 of 3rd period - Shot Misses the Net.
8:50 of 3rd period - Snap shot by Nicolas Deslauriers.
8:50 of 3rd period - Shot Misses the Net.
9:47 of 3rd period - Snap shot by Anton Zlobin.
9:47 of 3rd period - Stopped by Tristan Jarry with a rebound.
9:49 of 3rd period - Snap shot by Tyler Graovac.
9:49 of 3rd period - Stopped by Tristan Jarry without a rebound.
9:50 of 3rd period - Markus Granlund wins face-off versus Andrej Nestrasil in Admirals zone.
11:31 of 3rd period - Wrist shot by Taylor Beck.
11:31 of 3rd period - Stopped by Tristan Jarry with a rebound.
11:33 of 3rd period - Wrist shot by Andrej Nestrasil.
11:33 of 3rd period - Goal by Andrej Nestrasil - Comets : 3 - Admirals : 8.
11:34 of 3rd period - Andrej Nestrasil wins face-off versus Markus Granlund in neutral zone.
11:36 of 3rd period - Off-side.
11:37 of 3rd period - Markus Granlund wins face-off versus Andrej Nestrasil in neutral zone.
11:44 of 3rd period - Slapshot by Nicolas Kerdiles.
11:44 of 3rd period - Shot Misses the Net.
11:46 of 3rd period - Wrist shot by T.J Brodie.
11:46 of 3rd period - Stopped by Marek Langhamer without a rebound.
11:47 of 3rd period - Markus Granlund wins face-off versus Andrej Nestrasil in Comets zone.
12:20 of 3rd period - Snap shot by Nicolas Deslauriers.
12:20 of 3rd period - Stopped by Marek Langhamer with a rebound.
12:34 of 3rd period - Snap shot by Mackenzie MacEachern.
12:34 of 3rd period - Shot Misses the Net.
12:36 of 3rd period - Backhand shot by Tyler Graovac.
12:36 of 3rd period - Shot Blocked by Josh Morrissey.
12:38 of 3rd period - Wrist shot by Tyler Graovac.
12:38 of 3rd period - Deflect By Anton Zlobin.
12:38 of 3rd period - Stopped by Tristan Jarry with a rebound.
12:40 of 3rd period - Snap shot by Tyler Graovac.
12:40 of 3rd period - Stopped by Tristan Jarry without a rebound.
12:41 of 3rd period - Markus Granlund wins face-off versus Tyler Graovac in Admirals zone.
12:41 of 3rd period - Markus Granlund is hit by Jordan Gross.
12:47 of 3rd period - Slapshot by Travis Dermott.
12:47 of 3rd period - Shot Blocked by Tyler Graovac.
12:49 of 3rd period - Slapshot by Travis Dermott.
12:49 of 3rd period - Deflect By Markus Granlund.
12:49 of 3rd period - Stopped by Marek Langhamer with a rebound.
12:51 of 3rd period - Slapshot by Andreas Englund.
12:51 of 3rd period - Stopped by Marek Langhamer with a rebound.
13:03 of 3rd period - Minor Penalty to William Lagesson for Holding.
13:04 of 3rd period - Dennis Everberg wins face-off versus Markus Granlund in Comets zone.
13:13 of 3rd period - Taylor Beck is hit by Josh Morrissey and loses puck.
13:18 of 3rd period - Slapshot by Markus Granlund.
13:18 of 3rd period - Shot Misses the Net.
13:36 of 3rd period - Slapshot by Travis Dermott.
13:36 of 3rd period - Stopped by Marek Langhamer without a rebound.
13:37 of 3rd period - Lucas Wallmark wins face-off versus Taylor Beck in Comets zone.
14:28 of 3rd period - Teemu Pulkkinen is hit by Kasper Bjorkqvist and loses puck.
15:03 of 3rd period - Penalty to William Lagesson is over, William Lagesson is back on ice.
15:17 of 3rd period - Slapshot by Nicolas Petan.
15:17 of 3rd period - Shot Blocked by Andreas Englund.
17:38 of 3rd period - Snap shot by Markus Granlund.
17:38 of 3rd period - Shot Blocked by Phil Di Giuseppe.
17:40 of 3rd period - Slapshot by Carl Dahlstrom.
17:40 of 3rd period - Stopped by Marek Langhamer with a rebound.
17:42 of 3rd period - Snap shot by Markus Granlund.
17:42 of 3rd period - Shot Blocked by Oliver Kylington.
17:44 of 3rd period - Slapshot by Carl Dahlstrom.
17:44 of 3rd period - Stopped by Marek Langhamer with a rebound.
18:04 of 3rd period - Snap shot by Sami Niku.
18:04 of 3rd period - Deflect By Juho Lammikko.
18:04 of 3rd period - Stopped by Tristan Jarry with a rebound.
18:20 of 3rd period - Snap shot by Hunter Shinkaruk.
18:20 of 3rd period - Stopped by Marek Langhamer with a rebound.
18:26 of 3rd period - Christian Djoos is hit by Juho Lammikko and loses puck.
18:43 of 3rd period - Slapshot by William Lagesson.
18:43 of 3rd period - Stopped by Tristan Jarry without a rebound.
18:44 of 3rd period - Andrej Nestrasil wins face-off versus Markus Granlund in Admirals zone.
18:55 of 3rd period - Snap shot by Dennis Everberg.
18:55 of 3rd period - Stopped by Tristan Jarry without a rebound.
18:56 of 3rd period - Markus Granlund wins face-off versus Andrej Nestrasil in Admirals zone.
19:11 of 3rd period - Wrist shot by Nicolas Kerdiles.
19:11 of 3rd period - Stopped by Marek Langhamer without a rebound.
19:12 of 3rd period - Lucas Wallmark wins face-off versus Nicolas Petan in Comets zone.
Goals for this period are 2 for Comets vs 3 for Admirals.
Shots for this period are 14 for Comets vs 15 for Admirals.